 Dungeon Crawl Stone Soup version 0.30-a0-4-ga7cffc901d (webtiles) character file.

Game seed: 9661503103190209009

100 Setbun the Sneak (level 5, -6/27 (29) HPs)
             Began as a Kobold Enchanter on Aug 20, 2022.
             Mangled by Crazy Yiuf
             ... wielding a +2 quarterstaff of chaos
              (15 damage)
             ... on level 4 of the Dungeon.
             The game lasted 00:02:44 (3957 turns).

Setbun the Sneak (Kobold Enchanter)                 Turns: 3957, Time: 00:02:44

HP:   -6/27 (29)    AC:  2    Str:  5    XL:     5   Next: 3%
MP:   8/8           EV: 17    Int: 17    God:
Gold: 122           SH:  0    Dex: 23    Spells: 8/8 levels left

rFire   . . .      SeeInvis .    a - +1 dagger
rCold   . . .      Faith    .    k - orb {light}
rNeg    . . .      Spirit   .    b - +0 robe
rPois   .          Reflect  .    (no helmet)
rElec   .          Harm     .    (no cloak)
rCorr   .          Rampage  .    (no gloves)
Will    .....                    (no boots)
Stlth   ++........               (no amulet)
HPRegen 0.09/turn                j - +6 ring of dexterity
MPRegen 0.11/turn                (no ring)

@: glowing, drained
A: small, no large weapons, nightstalker 3
a: no special abilities


You were on level 4 of the Dungeon.
You visited 1 branch of the dungeon, and saw 4 of its levels.

You collected 122 gold pieces.

Inventory:

Hand Weapons
 a - a +1 dagger (weapon)
 m - the +10 whip "Ykipis" {antimagic, rF+}
   (You found it on level 2 of the Dungeon)

   It reduces the magical energy of the wielder, and disrupts the spells and
   magical abilities of those it strikes.
   Natural abilities and divine invocations are not affected.
   rF:        It protects you from fire.
Armour
 b - a +0 robe (worn)
 k - an orb of light (worn)
Jewellery
 j - a +6 ring of dexterity (left hand)
 y - a ring of flight
Wands
 u - a wand of quicksilver (4)
Scrolls
 d - a scroll of acquirement {unknown}
 e - a scroll of poison {unknown}
 f - a scroll of summoning {unknown}
 i - 2 scrolls of enchant weapon {unknown}
 l - 2 scrolls of identify {unknown}
 p - a scroll of noise {unknown}
 q - a scroll of butterflies {unknown}
 v - 5 scrolls of teleportation {unknown}
 x - a scroll of torment {unknown}
Potions
 c - 2 potions of invisibility
 g - a potion of heal wounds {unknown}
 h - a potion of might {unknown}
 n - a potion of magic {unknown}
 o - a potion of attraction {unknown}
 r - a potion of brilliance {unknown}
 s - 3 potions of curing {unknown}
 t - a potion of lignification {unknown}
 w - 2 potions of mutation {unknown}
 z - a potion of resistance {unknown}


   Skills:
 + Level 1.4 Fighting
 * Level 3.5 Short Blades
 * Level 3.8 Dodging
 + Level 4.9 Stealth
 - Level 2.1 Spellcasting
 - Level 3.0 Hexes


You had 8 spell levels left.
You didn't know any spells.
Your spell library contained the following spells:

 Spells                   Type           Power      Damage    Failure   Level
 Ensorcelled Hibernation  Hex/Ice        12%        N/A       16%         2
 Confusing Touch          Hex            12%        N/A       17%         3
 Tukima's Dance           Hex            12%        N/A       17%         3
 Beastly Appendage        Tmut           2%         N/A       19%         1
 Foxfire                  Conj/Fire      4%         2x1d4     19%         1
 Magic Dart               Conj           4%         1d3       19%         1
 Call Imp                 Summ           1%         N/A       28%         2
 Wereblood                Tmut           1%         N/A       28%         2
 Dazzling Flash           Conj/Hex       12%        N/A       30%         3
 Inner Flame              Hex/Fire       6%         N/A       30%         3
 Conjure Flame            Conj/Fire      1%         6-21      50%         3
 Mephitic Cloud           Conj/Pois/Air  1%         N/A       50%         3
 Spider Form              Tmut/Pois      1%         N/A       50%         3
 Flame Wave               Conj/Fire      1%         2d4       88%         4


Dungeon Overview and Level Annotations

Branches:
Dungeon (4/15)
 Temple: D:4-7

Altars:
Fedhas
Trog
Xom
Lugonu

Shops:
D:1 (

Portals:
Abyss: D:3

Annotations:
D:4 Crazy Yiuf


Innate Abilities, Weirdness & Mutations

You are small and have problems with some larger weapons.
You are completely attuned to the shadows.


Message History

You see here a +0 dagger.
There is a large open translucent door here.
You see here a +0 scale mail.
There is a bloodstained altar of Trog here.
There is a stone staircase leading down here.
You climb downwards.
You hear the sound of rushing water.
There is an entrance to a sewer on this level.
Hurry and find it before the portal rusts away!
There is a stone staircase leading up here.
Found a runed translucent door.
Found a hammer.
Crazy Yiuf shouts!
Crazy Yiuf cries, "You leg down broken song, no?"
As you open the door, it creaks loudly!
Crazy Yiuf cries, "You leg down broken song, no?"
Crazy Yiuf closely misses you.
There is an open translucent door here.
You hit Crazy Yiuf.
Crazy Yiuf is lightly wounded.
You hit Crazy Yiuf.
Crazy Yiuf is moderately wounded.
Crazy Yiuf hits you with a +2 quarterstaff of chaos!
You feel drained.
You hit Crazy Yiuf.
Crazy Yiuf is moderately wounded.
Crazy Yiuf says, "Iron!
Iron aubergine horse."
Crazy Yiuf closely misses you.
You hit Crazy Yiuf but do no damage.
Crazy Yiuf is moderately wounded.
Crazy Yiuf misses you.
You hit Crazy Yiuf.
Crazy Yiuf is heavily wounded.
Crazy Yiuf hits you with a +2 quarterstaff of chaos!
You hit Crazy Yiuf but do no damage.
Crazy Yiuf is heavily wounded.
You hit Crazy Yiuf.
Crazy Yiuf is severely wounded.
Crazy Yiuf hits you with a +2 quarterstaff of chaos!
Ouch! That really hurt!
You die...

#####
#)..#
#...#
#.g.#
#@#
♣.♣♣
♣♣.♣
♣.♣♣
♣♣.♣
♣♣.♣♣
#.#
♣♣PP.♣
#.#
♣.P..♣
#.#
#....#


You could see Crazy Yiuf.

Vanquished Creatures
  An adder (D:3)
  5 worms
  3 dart slugs
  4 orcs (D:3)
  4 endoplasms
  3 giant cockroaches (D:1)
  4 goblins
  3 hobgoblins
  2 jackals (D:3)
  9 kobolds
  2 quokkas (D:1)
  8 ball pythons
  7 bats
  A frilled lizard (D:3)
  10 rats
66 creatures vanquished.

Notes
Turn   | Place    | Note
-------+----------+-------------------------------------------
     0 | D:1      | Setbun the Kobold Enchanter began the quest for the Orb.
     0 | D:1      | Reached XP level 1. HP: 10/10 MP: 3/3
    56 | D:1      | Reached XP level 2. HP: 15/15 MP: 5/5
   293 | D:1      | Found Boppaim's Weapon Emporium.
   398 | D:1      | Reached XP level 3. HP: 13/20 MP: 6/6
  1242 | D:2      | Reached skill level 1 in Fighting
  1291 | D:2      | Identified the +10 whip "Ykipis" {antimagic, rF+}
  1341 | D:2      | Found a faded altar of an unknown god.
  1737 | D:2      | Reached XP level 4. HP: 12/25 MP: 7/7
  1964 | D:2      | Found a shimmering altar of Xom.
  2957 | D:3      | Found a bloodstained altar of Trog.
  2967 | D:3      | Found a blossoming altar of Fedhas.
  3334 | D:3      | Found a one-way gate to the infinite horrors of the Abyss.
  3477 | D:3      | Reached XP level 5. HP: 18/29 MP: 8/8
  3634 | D:3      | Found a large runed translucent door.
  3634 | D:3      | Found a large runed translucent door.
  3823 | D:3      | Found a corrupted altar of Lugonu.
  3945 | D:4      | Found a runed translucent door.
  3948 | D:4      | Noticed Crazy Yiuf
  3957 | D:4      | Mangled by Crazy Yiuf

Illustrated notes

Levels and vault maps discovered:
D:1:      elethiomel_arrival_infinity_welcomes_careful_drivers, layout_basic,
          serial_shops, nicolae_shop_hallway_plus, minmay_misc_feat_square
D:2:      layout_basic, basic_altar, shapermc_ecumenical_altar_venn
D:3:      due_chaos_kobolds, layout_basic, grunt_temple_overflow_open,
          kennysheep_minor_cross, minmay_quadrilaterals
D:4:      layout_basic, lightli_sewer_entry_pipes, uniq_crazy_yiuf_cottage

Skill      XL: |  1  2  3  4 |
---------------+-------------+-----
Short Blades   | 2 3 |  3.5
Dodging        | 3 |  3.8
Fighting       | 1 |  1.4
Stealth        | |  4.9
Spellcasting   | |  2.1
Hexes          | |  3.0

Action                   |  1- 3 |  4- 6 || total
-------------------------+-------+-------++-------
Melee: Dagger            |    79 |   104 ||   183
       Punch             |     1 |       ||     1
 Stab: Sleeping          |    18 |     1 ||    19
Armor: Robe              |     6 |     7 ||    13
Dodge: Dodged            |    46 |    66 ||   112

Table legend: (Time is in decaauts)
 A = Elapsed time spent in this place.
 B = Non-inter-level travel time spent in this place.
 C = Inter-level travel time spent in this place.
 D = Time resting spent in this place.
 E = Time spent auto-exploring this place.
 F = Levels seen in this place.
 G = Mean time per level.
                   A        B        C        D        E       F      G
               +--------+--------+--------+--------+--------+-----+--------+
         Total |   3929 |   3786 |    143 |    416 |   2972 |   4 |  982.2 |
       Dungeon |   3929 |   3786 |    143 |    416 |   2972 |   4 |  982.2 |
               +--------+--------+--------+--------+--------+-----+--------+

Top non-repeatable levels by time:
     D:3: 1688 daAuts
     D:1: 1172 daAuts
     D:2: 1040 daAuts
     D:4: 27 daAuts
